 Dungeon Crawl Stone Soup version 0.31.0-9-g3a7656b989 (webtiles) character file.

Game seed: 855213322064613431

14 Fv001 the Trooper (level 2, 0/24 HPs)
             Began as a Demonspawn Fighter on Feb 1, 2024.
             Slain by an adder (2 damage)
             ... on level 1 of the Dungeon.
             The game lasted 00:01:28 (1047 turns).

Fv001 the Trooper (Demonspawn Fighter)              Turns: 1047, Time: 00:01:29

Health: 0/24       AC:  6    Str: 16    XL:     2   Next: 31%
Magic:  2/2        EV:  8    Int:  8    God:
Gold:   71         SH:  4    Dex: 12    Spells: 1/1 levels left

rFire   . . .        a - +0 war axe
rCold   . . .        c - +0 buckler
rNeg    . . .        b - +0 scale mail
rPois   .            (no helmet)
rElec   .            (no cloak)
rCorr   .            (no gloves)
SInv    .            (no boots)
Will    .....        (no amulet) Stlth
                     (no ring)
HPRegen 0.24/turn    (no ring)
MPRegen 0.08/turn

%: no passive effects
@: mighty
A: powered by death 1
a: no special abilities


You were on level 1 of the Dungeon.
You visited 1 branch of the dungeon, and saw 2 of its levels.

You collected 71 gold pieces.

Inventory:

Hand Weapons
 a - a +0 war axe (weapon)
Armour
 b - a +0 scale mail (worn)
 c - a +0 buckler (worn)
Scrolls
 f - a scroll of blinking


   Skills:
 + Level 3.1 Fighting
 + Level 1.9 Axes
 + Level 2.9 Armour
 + Level 2.9 Shields
 * Level 0.5 Invocations


You had one spell level left.
You didn't know any spells.
Your spell library contained the following spells:

 Spells                   Type           Power      Damage    Failure   Level
 Cigotuvi's Dreadful Rot  Necr/Alch/Air  0%         N/A       97%         2
 Dazzling Flash           Conj/Hex       0%         N/A       99%         3
 Volatile Blastmotes      Fire/Tloc      0%         2d10      99%         3
 Ignite Poison            Fire/Alch      0%         N/A       100%        4
 Freezing Cloud           Conj/Ice/Air   0%         6-21      100%        5
 Starburst                Conj/Fire      0%         6d3       100%        6
 Maxwell's Capacitive Co  Air            0%         ∞         100%        8


Dungeon Overview and Level Annotations

Branches:
Dungeon (2/15)

Altars:

Shops:
D:1 :


Innate Abilities, Weirdness & Mutations

You regenerate a little health from kills.


Message History

You closely miss the adder.
The adder is almost dead.
You hit the endoplasm but do no damage.
You feel sick.
You are no longer poisoned.
The adder bites you. The endoplasm barely misses you. The adder bites you.
Unknown command.
The endoplasm barely misses you.
There is a stone staircase leading up here.
The adder bites you. The endoplasm freezes you.
You are frozen.
* * * LOW HITPOINT WARNING * * *
The adder completely misses you.
You climb upwards.
There is a stone staircase leading down here.
You feel very mighty all of a sudden. The endoplasm hits you.
* * * LOW HITPOINT WARNING * * *
The adder barely misses you.
Unknown command.
You closely miss the adder.
The adder is severely wounded.
You slash the endoplasm!
You kill the endoplasm!
The adder bites you but does no damage. x2
Unknown command.
You closely miss the adder.
The adder is severely wounded.
The adder bites you but does no damage. x2
You barely miss the adder.
The adder is severely wounded.
The adder closely misses you. The adder barely misses you.
You hit the adder.
The adder is severely wounded.
You block the adder's attack. The adder bites you.
* * * LOW HITPOINT WARNING * * *
You miss the adder.
The adder is severely wounded.
The adder bites you.
You die...

.#.# ##'##
##.###### .#.#
#.# #.# ...#
#.# #.#
.#######.####
#.#
............#
#.#
######......#
#.# ##.....#
#.#
##.#.########.#
#.#......@S..#
#.############
#.# #.# #.#
#.#########
#.........#
#.#######.#
#######.#
#####.#####


You could see an adder.

Vanquished Creatures
  2 endoplasms (D:1)
  3 hobgoblins (D:1)
  2 jackals (D:1)
  2 ball pythons (D:1)
  A bat (D:1)
  4 rats (D:1)
14 creatures vanquished.

Notes
Turn   | Place    | Note
-------+----------+-------------------------------------------
     0 | D:1      | Fv001 the Demonspawn Fighter began the quest for the Orb.
     0 | D:1      | Reached XP level 1. HP: 18/18 MP: 1/1
   155 | D:1      | Found Esawas's Book Boutique.
   554 | D:1      | Gained mutation: You regenerate a little health from kills.
                  | [demonic ancestry]
   554 | D:1      | Reached XP level 2. HP: 24/24 MP: 2/2
  1047 | D:1      | Slain by an adder

Illustrated notes

Levels and vault maps discovered:
D:1:      kennysheep_arrival_seaside, layout_loops_corners, serial_forest,
          infiniplex_forest_straight_3, infiniplex_forest_clump_small,
          infiniplex_forest_clump_tiny, infiniplex_forest_lined_room_,
          serial_shops, shop, hex_medium
D:2:      minmay_wonky_spiral, layout_basic, basic_altar, st_stairs_10,
          minmay_split_cup_large, uniq_natasha

Action                     || total
---------------------------++-------
  Melee: War axe           ||    40
    Use: Scroll            ||     1
         Potion            ||     1
 Armour: Scale mail        ||    33
  Dodge: Dodged            ||    18
  Block: Buckler           ||    11
